 Dungeon Crawl Stone Soup version 0.25.0-1-g7eea58d2a3 (webtiles) character file.

Game seed: 18383251545183980150

93 tilp the Conjurer (level 4, -8/21 HPs)
             Began as a Vine Stalker Wizard on June 13, 2020.
             Killed by divine providence
             ... invoked by an orc priest
              (13 damage)
             ... on level 3 of the Dungeon.
             The game lasted 00:04:43 (2856 turns).

tilp the Conjurer (Vine Stalker Wizard)             Turns: 2856, Time: 00:04:44

Health: -8/21      AC:  4    Str:  9    XL:     4   Next: 62%
Magic:  0/9        EV: 12    Int: 19    God:
Gold:   76         SH:  0    Dex: 13    Spells: 2/9 levels left

rFire    . . .     SeeInvis .   a - +0 dagger
rCold    . . .     Gourm    .   (no shield)
rNeg     . . .     Faith    .   h - +0 robe
rPois    .         Spirit   +   b - +0 hat
rElec    .         Reflect  .   (no cloak)
rCorr    .         Harm     .   p - +1 pair of gloves
MR       .....                  (no boots)
Stlth    ++........             (no amulet)
HPRegen  0.47/turn              (no ring)
MPRegen  0.11/turn              (no ring)

@: no status effects
A: fangs 2, regeneration 1, magic shield, antimagic bite, no potion heal 3, rot
immunity
a: no special abilities


You were on level 3 of the Dungeon.
You were not hungry.

You visited 1 branch of the dungeon, and saw 3 of its levels.

You collected 76 gold pieces.

Inventory:

Hand Weapons
 a - a +0 dagger (weapon)
Missiles
 f - 94 stones (quivered)
Armour
 b - a +0 hat (worn)
 h - a +0 robe (worn)
 p - a +1 pair of gloves (worn)
Jewellery
 g - a cursed amulet of magic regeneration {unknown}
 l - a +6 ring of intelligence {unknown}
Scrolls
 d - 2 scrolls of remove curse {unknown}
 i - 4 scrolls of identify {unknown}
 j - a scroll of teleportation {unknown}
 k - 2 scrolls of immolation {unknown}
 n - a scroll of magic mapping {unknown}
 q - a scroll of blinking {unknown}
Potions
 e - a potion of heal wounds {unknown}
 m - 2 potions of mutation {unknown}
 r - a potion of haste {unknown}
Comestibles
 c - 4 rations


   Skills:
 + Level 0.4 Fighting
 + Level 1.7 Dodging
 + Level 2.7 Stealth
 - Level 3.2 Spellcasting
 - Level 4.0 Conjurations
 - Level 1.0 Summonings
 - Level 1.0 Translocations


You had 2 spell levels left.
You knew the following spells:

 Your Spells              Type           Power        Failure   Level  Hunger
a - Magic Dart            Conj           ###.         3%          1    None
b - Blink                 Tloc           N/A          16%         2    ##.....
c - Call Imp              Summ           #.......     16%         2    ##.....
d - Slow                  Hex            #.......     22%         2    ##.....

Your spell library contained the following spells:

 Spells                   Type           Power        Failure   Level  Hunger
 Conjure Flame            Conj/Fire      ##......     21%         3    ###....
 Mephitic Cloud           Conj/Pois/Air  #.......     26%         3    ###....


Dungeon Overview and Level Annotations

Branches:
Dungeon (3/15)

Altars:

Annotations:
D:2 Terence


Innate Abilities, Weirdness & Mutations

You have extremely sharp teeth.
Your natural rate of healing is unusually fast.
When hurt, damage is shared between your health and your magic reserves.
Your bite disrupts and absorbs the magic of your enemies.
Potions cannot restore your health.
You are immune to rotting.


Message History

Pain shoots through your body!
* * * LOW HITPOINT WARNING * * *
You closely miss the orc priest.
The orc priest is moderately wounded.
The orc priest barely misses you.
You hit the orc priest but do no damage.
The orc priest is moderately wounded.
The orc priest hits you but does no damage.
You aren't carrying any items that you can evoke.
The orc priest hits you with a +0 club.
* * * LOW HITPOINT WARNING * * *
The orc priest looks braver for a moment.
Okay, then.
The orc priest calls down the wrath of Beogh upon you.
Pain shoots through your body!
* * * LOW HITPOINT WARNING * * *
The orc priest mumbles some strange prayers to Beogh against you.
Beogh smites you!
Ouch! That really hurt!
You die...

##.##.#..#.#####.#.#
#.######
......#..#.#<.[..#.# #.#
......#..#.#######.#######.#
......#..#.#######.##......#
......#....#.......##.######
......##.#.....######.#
......#....#.#.# #.#
......#..#.#.#.######.#
......######.#..@...o.#
..########## ###


You could see an orc priest.

Vanquished Creatures
  An orc wizard (D:3)
  3 adders (D:2)
  A dart slug (D:1)
  2 leopard geckos
  4 orcs
  5 giant cockroaches
  5 goblins
  2 hobgoblins
  3 bats
  5 kobolds
  3 rats
34 creatures vanquished.

Notes
Turn   | Place    | Note
-------+----------+-------------------------------------------
     0 | D:1      | tilp the Vine Stalker Wizard began the quest for the Orb.
     0 | D:1      | Reached XP level 1. HP: 9/9 MP: 5/5
   367 | D:1      | Reached skill level 2 in Conjurations
   367 | D:1      | Reached XP level 2. HP: 10/13 MP: 1/7
   676 | D:1      | Learned a level 2 spell: Blink
   679 | D:1      | Learned a level 2 spell: Call Imp
   682 | D:1      | Learned a level 2 spell: Slow
  1058 | D:2      | Reached XP level 3. HP: 16/16 MP: 4/8
  1100 | D:2      | Reached skill level 3 in Conjurations
  1136 | D:2      | Noticed Terence
  2225 | D:3      | Gained mutation: Your natural rate of healing is unusually
                  | fast. [Vine Stalker growth]
  2225 | D:3      | Reached XP level 4. HP: 16/21 MP: 9/9
  2471 | D:3      | Reached skill level 4 in Conjurations
  2856 | D:3      | Killed from afar by an orc priest

Illustrated notes

Levels and vault maps discovered:
D:1:      minmay_arrival_hallway, layout_basic
D:2:      layout_basic, first_ration, uniq_terence
D:3:      layout_basic, nicolae_overflow_hidden_temple, uniq_ijyb

Skill      XL: |  1  2  3  4 |
---------------+-------------+-----
Conjurations   | 2 3 4 |  4.0
Fighting       | |  0.4
Dodging        | |  1.7
Stealth        | |  2.7
Spellcasting   | |  3.2
Summonings     | |  1.0
Translocations | |  1.0

Action                   |  1- 3 |  4- 6 || total
-------------------------+-------+-------++-------
Melee: Dagger            |    59 |    14 ||    73
       Bite              |    11 |     2 ||    13
 Cast: Magic Dart        |    61 |    37 ||    98
 Stab: Sleeping          |     4 |       ||     4
  Eat: Chunk             |     4 |     2 ||     6
Armor: Robe              |    15 |     7 ||    22
Dodge: Dodged            |    57 |    16 ||    73
